 Dungeon Crawl Stone Soup version 0.23-a0-313-gf30bb39 (webtiles) character file.

21 timeclock555 the Shooter (level 2, -1/23 HPs)
             Began as a Centaur Arcane Marksman on Oct 12, 2018.
             Slain by an adder (5 damage)
             ... on level 2 of the Dungeon.
             The game lasted 00:04:08 (548 turns).

timeclock555 the Shooter (Centaur Arcane Marksman)   Turns: 548, Time: 00:04:09

Health: -1/23      AC:  4    Str: 12    XL:     2   Next: 62%
Magic:  3/3        EV: 10    Int: 12    God:
Gold:   43         SH:  0    Dex:  9    Spells: 2/3 levels left

rFire    . . .     SeeInvis .   c - +0 mace
rCold    . . .     Gourm    .   (no shield)
rNeg     . . .     Faith    .   e - +0 robe
rPois    .         Spirit   .   (no helmet)
rElec    .         Reflect  .   (no cloak)
rCorr    .         Harm     .   (no gloves)
MR       .....                  (no barding)
Stlth    +.........             (no amulet)
HPRegen  0.07/turn              (no ring)
MPRegen  0.08/turn              (no ring)

@: very quick
A: large, hooves 3, deformed body, speed 2, tough skin 3
a: no special abilities


You were on level 2 of the Dungeon.
You were full.

You visited 1 branch of the dungeon, and saw 2 of its levels.

You collected 43 gold pieces.

Inventory:

Hand Weapons
 a - a +0 shortbow
 c - a +0 mace (weapon)
 g - a +0 dagger
 h - a +0 short sword
 i - a +0 whip
 l - a +0 spear
Missiles
 b - 8 tomahawks (quivered)
 d - 20 arrows
 k - 5 needles of sleeping
Armour
 e - a +0 robe (worn)
Scrolls
 m - a scroll of enchant armour {unknown}
Potions
 j - a potion of invisibility
Comestibles
 f - 2 rations


   Skills:
 + Level 1.0 Fighting
 + Level 3.3 Bows
 + Level 1.6 Dodging
 + Level 1.0 Spellcasting
 + Level 3.1 Hexes


You had 2 spell levels left.
You knew the following spells:

 Your Spells              Type           Power        Failure   Level  Hunger
a - Corona                Hex            #......      9%          1    ##.....

Your spell library contained the following spells:

 Spells                   Type           Power        Failure   Level  Hunger
 Slow                     Hex            #.......     12%         2    ###....
 Inner Flame              Hex/Fire       #.......     43%         3    ####...
 Portal Projectile        Hex/Tloc       #.....       43%         3    ####...
 Cause Fear               Hex            #.........   63%         4    #####..
 Leda's Liquefaction      Hex/Erth       #.........   83%         4    #####..


Dungeon Overview and Level Annotations

Branches:
Dungeon (2/15)

Altars:


Innate Abilities, Weirdness & Mutations

You have hooves in place of feet.
Armour fits poorly on your strangely shaped body.
You cover ground very quickly.
You have extremely tough skin. (AC +3)


Message History

You hit the ooze. You kick the ooze, but do no damage.
The ooze is moderately wounded.
The ooze hits you.
You hit the ooze. You kick the ooze, but do no damage.
The ooze is almost dead.
The adder bites you but does no damage. The ooze hits you but does no damage.
You hit the ooze.
You kill the ooze!
The adder closely misses you. x2; The hobgoblin hits you with a club.
You hit the hobgoblin.
The hobgoblin is severely wounded.
The adder barely misses you. The adder bites you.
The hobgoblin hits you with a club.
* * * LOW HITPOINT WARNING * * *
You miss the adder. You kick the adder!
The adder is almost dead.
The adder bites you but does no damage.
The hobgoblin hits you but does no damage.
The adder bites you.
You die...

... .. ..
.# ##.# #..
#†# #.#
#### ##@#
..... #Sg#
......##.##
g......<.#
.S......##
....J....
..........
.[........#
..>.......#


You could see an adder and a hobgoblin.

Vanquished Creatures
  An ooze (D:2)
  A ball python (D:1)
  2 giant cockroaches (D:1)
  A goblin (D:1)
  A hobgoblin (D:1)
  5 kobolds (D:1)
  4 bats
  A frilled lizard (D:1)
  A rat (D:1)
17 creatures vanquished.

Notes
Turn   | Place    | Note
-------+----------+-------------------------------------------
     0 | D:1      | timeclock555 the Centaur Arcane Marksman began the quest
                  | for the Orb.
     0 | D:1      | Reached XP level 1. HP: 16/16 MP: 2/2
   212 | D:1      | Reached XP level 2. HP: 14/23 MP: 3/3
   548 | D:2      | Slain by an adder

Vault maps used:
D:1:      matt_arrival_diagonals, minmay_misc_feat_square, kennysheep_boxes
D:2:      marbit_many_paths, hangedman_decor_riveting

Skill      XL: |  1  2 |
---------------+-------+-----
Bows           | 3 |  3.3
Hexes          | 3 |  3.1
Fighting       | |  1.0
Dodging        | |  1.6
Spellcasting   | |  1.0

Action                   || total
-------------------------++-------
Melee: Shortbow          ||    20
       Mace              ||    39
       Kick              ||    13
  Use: Potion            ||     1
  Eat: Ration            ||     1
Armor: Robe              ||    36
Dodge: Dodged            ||    50

Table legend:
 A = Non-vault XP
 B = Vault XP
 C = Vault XP percentage of total XP
 D = Non-vault monster count
 E = Vault monster count
 F = Vault count percentage of total count
                 A         B        C        D         E       F
            +---------+---------+-------+---------+---------+-------
      Total |      30 |       0 |   0.0 |      17 |       0 |   0.0
            +---------+---------+-------+---------+---------+-------
        D:1 |      22 |       0 |   0.0 |      15 |       0 |   0.0
        D:2 |       8 |       0 |   0.0 |       2 |       0 |   0.0
            +---------+---------+-------+---------+---------+-------
